 Dungeon Crawl Stone Soup version 0.14-a0-2119-ge69afc6 (webtiles) character file.

1336 DaftWullie the Slicer (level 8, -1/48 HPs)
             Began as a Kobold Berserker on Jan 26, 2014.
             Was an Elder of Trog.
             Slain by a gnoll
             ... wielding a +2,+0 flail
              (2 damage)
             ... while paralysed by a potion of paralysis
             ... on Level 6 of the Dungeon.
             The game lasted 00:44:02 (4954 turns).

DaftWullie the Slicer (Kobold Berserker)            Turns: 4954, Time: 00:44:03

HP  -1/48        AC  3     Str 16      XL: 8   Next: 73%
MP   8/8         EV  3     Int  6      God: Trog [****..]
Gold 132         SH  0     Dex 16      Spells:  0 memorised,  7 levels left

rFire  . . .     SeeInvis .     h - +1,+2 dwarf short sword
rCold  . . .     Clarity  .     H - +0 orc leather armour
rNeg   . . .     Conserve .     (no shield)
rPois  .         rCorr    .     (no helmet)
rElec  .         rRot     .     (no cloak)
SustAb . .       Spirit   .     (no gloves)
rMut   .         Warding  .     (no boots)
Saprov + + .     Stasis   .     x - amulet of inaccuracy {unknown}
MR     +....                    (no ring)
                                r - ring of protection from magic {unknown}

@: paralysed, exhausted, slowed, somewhat resistant to hostile enchantments,
quite stealthy
A: disease resistance, carnivore 3, saprovore 2
a: Burn Spellbooks, Berserk, Trog's Hand, Brothers in Arms, Renounce Religion


You were on level 6 of the Dungeon.
You worshipped Trog.
Trog was greatly pleased with you.
You were very full.

You visited 1 branch of the dungeon, and saw 6 of its levels.

You collected 132 gold pieces.

Inventory:

Hand weapons
 a - a +0,+0 short sword
 h - a +1,+2 dwarven short sword (weapon)
 C - a +0,+0 short sword
 E - a +0,+0 short sword
Missiles
 g - 49 darts (quivered)
 w - 3 darts of flame
 y - 36 poisoned needles
 G - a steel dart
 J - 7 needles of frenzy
Armour
 b - a +0 animal skin
 H - a +0 orcish leather armour (worn)
Comestibles
 c - 2 meat rations
Scrolls
 d - 4 scrolls of remove curse {unknown}
 e - 3 scrolls of magic mapping {unknown}
 i - a scroll of amnesia {unknown}
 j - 3 scrolls of blinking {unknown}
 n - 3 scrolls of teleportation {unknown}
 s - a scroll of identify {unknown}
 t - a scroll of curse weapon {unknown}
 v - 5 scrolls of fog {unknown}
 A - 2 scrolls of curse jewellery {unknown}
 B - a scroll of enchant weapon I {unknown}
Jewellery
 r - a ring of protection from magic (left hand) {unknown}
 u - an uncursed amulet of resist corrosion {unknown}
 x - an amulet of inaccuracy (around neck) {unknown}
Potions
 f - a potion of paralysis
 k - 2 potions of agility {unknown}
 l - a potion of flight {unknown}
 m - 2 potions of restore abilities
 o - a potion of heal wounds {unknown}
 p - a potion of confusion {unknown}
 q - a potion of magic {unknown}
 z - a potion of porridge
 D - 2 potions of speed {unknown}


   Skills:
 + Level 4.8 Fighting
 * Level 8.7 Short Blades
 + Level 5.6 Throwing
 - Level 1.5 Armour
 + Level 5.8 Dodging
 + Level 4.5 Stealth


You had 7 spell levels left.
You didn't know any spells.

Dungeon Overview and Level Annotations

Branches:
Dungeon (6/16)             Temple (0/1) D:5

Altars:


Innate Abilities, Weirdness & Mutations

You recuperate from illness quickly.
You are small and have problems with some larger weapons.
You are carnivorous and can eat meat at any time.
You can eat rotten meat.


Message History

The gnoll hits you from afar with a spear!
* * * LOW HITPOINT WARNING * * *
The gnoll barely misses you. The gnoll misses you. The gnoll barely misses you.
The gnoll barely misses you. The gnoll shaman misses you.
You climb downwards.
You are no longer berserk.
You are exhausted.
You feel yourself slow down.
There is a stone staircase leading up here.
Drink which item? (? for menu, Esc to quit)
You feel refreshed.
It was a potion of restore abilities.
The gnoll misses you. The gnoll closely misses you.
The gnoll shaman hits you but does no damage.
The gnoll completely misses you.
Drink which item? (? for menu, Esc to quit)
You suddenly lose the ability to move!
It was a potion of paralysis.
The gnoll hits you with a flail.
* * * LOW HITPOINT WARNING * * *
The gnoll shaman calls down the wrath of its god upon you.
You resist with almost no effort. The gnoll hits you with a flail.
You die...

. #. ..#
#. .. #.
#.##
#.#>..##
#......##
#.......##
#gg......#
#.@......+
#..g.....#
#.......##
#......##
#.#...##
#. #+## ..
##


You could see a gnoll shaman and 2 gnolls.

Vanquished Creatures
  The ghost of HollowCharge the Slasher, an experienced TeFi of the Shining One (D:5)
  The ghost of flammableBen the Changer, an average MfTm (D:4)
  2 centaurs (D:5)
  3 crimson imps (D:5)
  An iguana (D:4)
  A giant frog zombie (D:5)
  A giant frog skeleton (D:4)
  3 orc priests
  An orc wizard (D:5)
  4 worker ants
  6 adders
  7 gnolls
  An inept feature mimic (D:5)
  An iguana skeleton (D:4)
  A giant eyeball (D:4)
  4 giant geckos
  2 oozes
  13 orcs
  4 ball pythons
  7 giant cockroaches
  20 hobgoblins
  4 jackals (D:4)
  A quokka (D:4)
  9 bats
  7 giant newts
  10 goblins
  A goblin skeleton (D:4)
  12 kobolds
  An orc zombie (D:5)
  8 rats
137 creatures vanquished.

Notes
Turn   | Place    | Note
--------------------------------------------------------------
     0 | D:1      | DaftWullie, the Kobold Berserker, began the quest for the Orb.
     0 | D:1      | Reached XP level 1. HP: 14/14 MP: 1/1
   164 | D:1      | Reached XP level 2. HP: 19/19 MP: 2/2
   392 | D:1      | Reached XP level 3. HP: 12/24 MP: 3/3
   604 | D:1      | Acquired Trog's second power
   655 | D:1      | Reached skill level 5 in Short Blades
  1155 | D:2      | Reached XP level 4. HP: 29/29 MP: 4/4
  1392 | D:2      | Reached skill level 1 in Throwing
  2425 | D:3      | Reached XP level 5. HP: 22/33 MP: 5/5
  2656 | D:4      | Reached skill level 1 in Stealth
  2792 | D:4      | HP: 1/33 [iguana (7)]
  3173 | D:4      | Reached XP level 6. HP: 38/38 MP: 6/6
  3232 | D:4      | Reached skill level 6 in Short Blades
  3298 | D:5      | Entered Level 5 of the Dungeon
  3305 | D:4      | Noticed flammableBen's ghost (average MfTm)
  3317 | D:4      | Killed flammableBen's ghost
  3318 | D:4      | Upgraded the game from 0.14-a0-2100-g3cf34dd to 0.14-a0-2119-ge69afc6
  3521 | D:4      | Reached XP level 7. HP: 43/43 MP: 7/7
  3973 | D:4      | Reached skill level 7 in Short Blades
  4372 | D:5      | Noticed HollowCharge's ghost (experienced TeFi)
  4388 | D:5      | Killed HollowCharge's ghost
  4388 | D:5      | Reached skill level 5 in Dodging
  4388 | D:5      | Reached XP level 8. HP: 48/48 MP: 8/8
  4460 | D:5      | Reached skill level 5 in Throwing
  4485 | D:5      | Reached skill level 8 in Short Blades
  4556 | D:5      | Acquired Trog's third power
  4569 | D:5      | Found a staircase to the Ecumenical Temple.
  4954 | D:6      | Paralysed by a potion of paralysis for 5 turns
  4954 | D:6      | HP: 1/48 [gnoll/flail (3)]
  4954 | D:6      | Slain by a gnoll

Action                   |  1- 3 |  4- 6 |  7- 9 || total
-------------------------+-------+-------+-------++-------
Melee: Short sword       |   108 |   143 |   237 ||   488
Throw: Dart              |    15 |    36 |    38 ||    89
Invok: Berserk           |     2 |     6 |     6 ||    14
       Trog's Hand       |     1 |     1 |     3 ||     5
  Use: Potion            |       |       |     2 ||     2
 Stab: Sleeping          |     3 |     1 |     4 ||     8
